 Dungeon Crawl Stone Soup version 0.17-a0-119-g2b06fc5 (webtiles) character file.

252 Ngotmuk the Cudgeler (level 6, -2/47 HPs)
             Began as a Human Fighter on Mar 21, 2015.
             Was a Follower of Cheibriados.
             Slain by a slave (5 damage)
             ... led by Pikel
             ... on level 6 of the Dungeon.
             The game lasted 00:09:48 (2944 turns).

Ngotmuk the Cudgeler (Human Fighter)                Turns: 2944, Time: 00:09:49

Health: -2/47      AC:  6    Str: 21    XL:     6   Next: 36%
Magic:  0/6        EV: 10    Int: 10    God:    Cheibriados [*.....]
Gold:   143        SH:  9    Dex: 14    Spells: 0 memorised, 5 levels left

rFire  + + .     SeeInvis .     a - +0 flail
rCold  . . .     Clarity  .     y - +1 ring mail {rF+}
rNeg   . . .     SustAb   .     c - +0 shield
rPois  .         Gourm    .     (no helmet)
rElec  .         Spirit   +     (no cloak)
rCorr  .         Warding  .     (no gloves)
rMut   .         Stasis   .     (no boots)
MR     .....                    w - amulet of guardian spirit
Stlth  +.........               v - ring of protection from fire
                                s - +2 ring of evasion

@: very slow, not resistant to hostile enchantments, very unstealthy
A: no striking features
a: Bend Time, Renounce Religion


You were on level 6 of the Dungeon.
You worshipped Cheibriados.
Cheibriados was aware of your devotion.
You were hungry.

You visited 2 branches of the dungeon, and saw 7 of its levels.

You collected 143 gold pieces.

Inventory:

Hand weapons
 a - a +0 flail (weapon)
Armour
 c - a +0 shield (worn)
 y - a +1 ring mail of fire resistance (worn)
Jewellery
 i - an uncursed ring of flight
 s - a +2 ring of evasion (left hand)
 v - a ring of protection from fire (right hand)
 w - an amulet of guardian spirit (around neck)
Scrolls
 g - 2 scrolls of amnesia {unknown}
 j - 9 scrolls of identify {unknown}
 n - 2 scrolls of remove curse {unknown}
 o - 2 scrolls of blinking {unknown}
 p - 2 scrolls of teleportation {unknown}
 r - 2 scrolls of magic mapping {unknown}
 u - a scroll of random uselessness {unknown}
Potions
 e - 2 potions of might
 k - 2 potions of haste {unknown}
 l - 2 potions of agility {unknown}
 q - 3 potions of cancellation {unknown}
 t - a potion of heal wounds {unknown}
Comestibles
 d - 3 bread rations
 h - 3 meat rations
 x - a slice of pizza
 z - a beef jerky


   Skills:
 - Level 3.0 Fighting
 + Level 6.2 Maces & Flails
 - Level 3.0 Armour
 - Level 3.0 Shields


You had 5 spell levels left.
You didn't know any spells.

Dungeon Overview and Level Annotations

Branches:
Dungeon (6/15)             Temple (1/1) D:4

Altars:
Ashenzari
Cheibriados
Dithmenos
Elyvilon
Fedhas
Gozag
Kikubaaqudgha
Makhleb
Nemelex Xobeh
Okawaru
Qazlal
Ru
Sif Muna
Trog
Vehumet
Xom
Yredelemnul
The Shining One


Message History

Something hits you but does no damage.
You slide downwards.
The hatch slams shut behind you.
You barely miss something. You block the slave's attack.
You block the slave's attack. Something hits you. Something shocks you.
You miss something. The slave closely misses you. The slave hits you.
Something hits you but does no damage. You block the slave's attack.
The slave hits you.
You closely miss the slave. Something hits you. Something shocks you.
* * * LOW HITPOINT WARNING * * *
The slave barely misses you. You block the slave's attack.
You barely miss the slave. Something hits you but does no damage.
You block the slave's attack. x2
Something hits you but does no damage.
You sock the slave!
The slave is heavily wounded.
The slave closely misses you. The slave hits you!
* * * LOW HITPOINT WARNING * * *
Something hits you but does no damage.
You closely miss something. The slave hits you.
You die...

##
...
...
..
#.#
##..#
#pp#
#@#
#{#
..#
..##
##.
#. ..
##


You could see 2 slaves.

Vanquished Creatures
  A giant frog skeleton (D:3)
  An iguana (D:4)
  A hound zombie (D:4)
  7 adders
  3 worms
  7 giant geckos
  An ooze (D:3)
  7 orcs
  12 bats
  A bat skeleton (D:4)
  5 giant cockroaches
  19 goblins
  7 hobgoblins
  A ball python (D:1)
  4 giant newts
  3 kobolds
  9 rats
89 creatures vanquished.

Notes
Turn   | Place    | Note
--------------------------------------------------------------
     0 | D:1      | Ngotmuk, the Human Fighter, began the quest for the Orb.
     0 | D:1      | Reached XP level 1. HP: 18/18 MP: 1/1
    61 | D:1      | Reached XP level 2. HP: 22/24 MP: 2/2
   437 | D:1      | Reached XP level 3. HP: 29/29 MP: 3/3
   821 | D:2      | Reached skill level 4 in Maces & Flails
   821 | D:2      | Reached XP level 4. HP: 22/35 MP: 4/4
  1190 | D:3      | Reached skill level 5 in Maces & Flails
  1190 | D:3      | Reached XP level 5. HP: 25/41 MP: 5/5
  2008 | D:3      | Reached XP level 6. HP: 41/47 MP: 6/6
  2245 | D:4      | Found a staircase to the Ecumenical Temple.
  2252 | Temple   | Entered the Ecumenical Temple
  2357 | Temple   | Became a worshipper of Cheibriados the Contemplative
  2672 | D:4      | Reached skill level 6 in Maces & Flails
  2779 | D:4      | Acquired Cheibriados' first power
  2915 | D:5      | Entered Level 5 of the Dungeon
  2922 | D:5      | Noticed a slave
  2925 | D:5      | Noticed a slave
  2930 | D:5      | Noticed a sky beast
  2944 | D:6      | Slain by a slave

Action                   |  1- 3 |  4- 6 || total
-------------------------+-------+-------++-------
Melee: Flail             |   100 |   176 ||   276
  Eat: Royal jelly       |       |     1 ||     1
       Fruit             |       |     5 ||     5
